 Dungeon Crawl Stone Soup version 0.27.1 (webtiles) character file.

Game seed: 5309969695251947633

72 Malachi the Magician (level 4, -6/31 HPs)
             Began as a Djinni Hedge Wizard on Aug 21, 2021.
             Shot with an arrow by a centaur (8 damage)
             ... on level 4 of the Dungeon.
             The game lasted 00:06:29 (4082 turns).

Malachi the Magician (Djinni Hedge Wizard)          Turns: 4082, Time: 00:06:30

Health: -6/31      AC:  2    Str:  9    XL:     4   Next: 50%
Gold:   99         EV: 12    Int: 16    God:
                   SH:  5    Dex: 13

rFire    + + .     SeeInvis .   a - +0 dagger
rCold    x . .     Faith    .   (no shield)
rNeg     . . .     Spirit   .   b - +0 robe
rPois    ∞         Reflect  +   c - +0 hat
rElec    .         Harm     .   (no cloak)
rCorr    .         Rampage  .   (no gloves)
Will     +....                  (boots unavailable)
Stlth    ++........             l - amulet of reflection
HPRegen  0.10/turn              m - ring of willpower
MPRegen  0.00/turn              (no ring)

@: flying
A: sickness immunity, fire resistance 2, cold vulnerability 1, float, innate
caster, hp casting, extra vitality 1
a: no special abilities


You were on level 4 of the Dungeon.
You visited 1 branch of the dungeon, and saw 4 of its levels.

You collected 155 gold pieces.
You spent 56 gold pieces at shops.

Inventory:

Hand Weapons
 a - a +0 dagger (weapon)
Armour
 b - a +0 robe (worn)
 c - a +0 hat (worn)
Jewellery
 l - an amulet of reflection (around neck)
 m - a ring of willpower (left hand)
Scrolls
 f - a scroll of magic mapping {unknown}
 g - a scroll of holy word
 i - 2 scrolls of teleportation
 j - a scroll of torment {unknown}
 k - a scroll of silence {unknown}
 n - 3 scrolls of fear {unknown}
Potions
 d - a potion of flight {unknown}
 e - a potion of curing {unknown}
 h - a potion of might {unknown}
 o - a potion of cancellation {unknown}


   Skills:
 + Level 0.2 Fighting
 + Level 2.4 Dodging
 + Level 2.1 Stealth
 + Level 3.5 Spellcasting


You couldn't memorise any spells.
You knew the following spells:

 Your Spells              Type           Power      Damage    Failure   Level
a - Magic Dart            Conj           56%        1d5       4%          1
b - Blink                 Tloc           N/A        N/A       6%          2
c - Call Imp              Summ           14%        N/A       6%          2
d - Slow                  Hex            14%        N/A       6%          2
e - Conjure Flame         Conj/Fire      14%        6-21      12%         3
f - Mephitic Cloud        Conj/Pois/Air  14%        N/A       12%         3
g - Shock                 Conj/Air       56%        1d6       4%          1
Your spell library was empty.

Dungeon Overview and Level Annotations

Branches:
Dungeon (4/15)
 Temple: D:4-7

Altars:

Shops:
D:2 ?


Innate Abilities, Weirdness & Mutations

You are immune to sickness and miasma.
You are immune to poison.
Your flesh is very heat resistant. (rF++)
You are vulnerable to cold. (rC-)
You float through the air rather than walking.
You learn spells naturally, not from books.
Your magical power is your life essence.
You have superior vitality. (+4 HP)


Message History

You see here a bubbling silvery potion.
o - a bubbling silvery potion The white imp misses you.
Casting: Mephitic Cloud (quite dangerous; 12% risk of failure)
Confirm with . or Enter, or press ? or * to list all spells.
Okay, then.
Casting: Mephitic Cloud (quite dangerous; 12% risk of failure)
Confirm with . or Enter, or press ? or * to list all spells.
Aiming: Shock (safe; 4% risk of failure)
Press: ? - help, Shift-Dir - straight line, f - white imp
Aim: a white imp (71% to hit)
The zap hits the white imp.
The white imp is lightly wounded.
You block the white imp's attack.
The centaur shoots an arrow.
The arrow hits you!
Unknown command.
Casting: Shock (safe; 4% risk of failure)
Confirm with . or Enter, or press ? or * to list all spells.
Aiming: Shock (safe; 4% risk of failure)
Press: ? - help, Shift-Dir - straight line, f/p - white imp
Aim: a white imp (lightly wounded, 71% to hit)
The zap hits the white imp.
The white imp is heavily wounded.
The white imp closely misses you.
The centaur shoots an arrow.
The arrow hits you!
* * * LOW HITPOINT WARNING * * *
Casting: Shock (safe; 4% risk of failure)
Confirm with . or Enter, or press ? or * to list all spells.
The spell is quite dangerous to cast (12% risk of failure)!
Continue anyway?
Aiming: Mephitic Cloud (quite dangerous; 12% risk of failure)
Press: ? - help, Shift-Dir - straight line, p - white imp The ball explodes into a vile cloud!
The stinking cloud engulfs the white imp but does no damage.
The white imp is heavily wounded.
The stinking cloud engulfs the centaur but does no damage.
The centaur is severely wounded.
* * * LOW HITPOINT WARNING * * *
You hear a shout! x4; You hear a bark!
The centaur shoots an arrow.
The arrow hits you!
You die...

............ #
.c...#....... .
....#....... #.
...........
###.#####c.........
........#..........
#.....#..........
..#....@#.<........
#....5☼#..........
......☼☼c.....(....
.......☼#..........
........#..........
#..............?...
...#....##+#.......
...+.#... .......
.. #.#.## .......


You could see a centaur and a white imp.

Vanquished Creatures
  2 adders (D:2)
  9 orcs (D:3)
  3 bats
  4 endoplasms
  2 giant cockroaches (D:1)
  4 hobgoblins
  8 ball pythons
  2 frilled lizards (D:2)
  4 kobolds
  6 rats
44 creatures vanquished.

Notes
Turn   | Place    | Note
-------+----------+-------------------------------------------
     0 | D:1      | Malachi the Djinni Hedge Wizard began the quest for the
                  | Orb.
     0 | D:1      | Reached XP level 1. HP: 15/15 MP: 0/0
   343 | D:1      | Reached XP level 2. HP: 17/21 MP: 0/0
   638 | D:1      | Found a faded altar of an unknown god.
  1402 | D:2      | Reached skill level 3 in Spellcasting
  1407 | D:2      | Reached XP level 3. HP: 13/25 MP: 0/0
  1407 | D:2      | Learned a level 1 spell: Shock
  2221 | D:2      | Found Rylig's Magic Scroll Boutique.
  2230 | D:2      | Reached XP level 4. HP: 20/31 MP: 0/0
  2339 | D:2      | Bought a scroll of identify for 28 gold pieces
  2341 | D:2      | Bought a scroll of identify for 28 gold pieces
  4072 | D:4      | Noticed a centaur
  4082 | D:4      | Shot with an arrow by a centaur

Illustrated notes

Levels and vault maps discovered:
D:1:      lordsloth_arrival_two_stooges, layout_basic,
          dreamdust_ecumenical_altar_angels_and_demons
D:2:      layout_basic, serial_shops, shop_statue
D:3:      layout_basic
D:4:      layout_basic, serial_shops, nicolae_shop_stone

Skill      XL: |  1  2  3 |
---------------+----------+-----
Spellcasting   | 3 |  3.5
Stealth        | 2 |  2.1
Fighting       | |  0.2
Dodging        | |  2.4

Action                   |  1- 3 |  4- 6 || total
-------------------------+-------+-------++-------
Melee: Dagger            |       |    16 ||    16
 Cast: Magic Dart        |    70 |    45 ||   115
       Mephitic Cloud    |       |     7 ||     7
       Shock             |       |     2 ||     2
  Use: Scroll            |       |     3 ||     3
 Stab: Confused          |       |     2 ||     2
Armor: Robe              |     1 |       ||     1
Dodge: Dodged            |     4 |    22 ||    26
Block: Other             |       |    10 ||    10
       Reflection        |       |     1 ||     1
